[Event "Titled Tuesday Blitz October 11 Early 2022"]
[White "Carbone, Diego"]
[Black "Aldokhin, Ivan"]
[WhiteFideId "3002179"]
[BlackFideId "24115720"]
[WhiteElo "2243"]
[BlackElo "2313"]
[Result "0-1"]
[Round "05"]
[TimeControl "180+1"]
[Date "2022.10.12"]
[WhiteClock "0:00:58"]
[BlackClock "0:01:21"]

1. d4 Nf6 2. c4 g6 3. g3 Bg7 4. Bg2 d6 5. Nc3 O-O 6. Nf3 Nc6 7. O-O Bf5 8. d5 Na5 9. Nd2 c5 10. e4 Bd7 11. Qc2 e6 12. b3 exd5 13. cxd5 b5 14. Bb2 Rc8 15. Rfe1 Nb7 16. Nd1 Re8 17. Ne3 a5 18. a4 c4 19. bxc4 bxa4 20. Bd4 Nc5 21. Reb1 Ng4 22. Bxg7 Kxg7 23. Nxg4 Bxg4 24. Nf1 Qf6 25. Ne3 Bf3 26. Rb5 Qxa1+ 0-1


[Site "https://www.chess.com"]

[Event "Titled Tuesday Blitz October 11 Early 2022"]
[White "Carlsen, Magnus"]
[Black "Gabdrakhmanov, Azat"]
[WhiteFideId "1503014"]
[BlackFideId "34189197"]
[WhiteElo "2830"]
[BlackElo "2233"]
[Result "1-0"]
[Round "05"]
[TimeControl "180+1"]
[Date "2022.10.11"]
[WhiteClock "0:00:08"]
[BlackClock "0:00:01"]

1. g4 e5 2. c4 d6 3. e3 g6 4. h4 h5 5. g5 Bg7 6. Nc3 Ne7 7. Nge2 Bg4 8. Bg2 c6 9. d3 O-O 10. b3 f6 11. gxf6 Bxf6 12. Ne4 Nf5 13. f3 Nxh4 14. fxg4 Nxg2+ 15. Kf2 Nh4 16. Kg3 d5 17. Ba3 dxe4 18. Bxf8 Qxf8 19. Nc3 hxg4 20. Qxg4 Nf5+ 21. Kf2 Kf7 22. Rag1 Nd7 23. Rh7+ Ke6 24. dxe4 Qb4 25. Ne2 Rf8 26. Rd1 Nc5 27. Kf3 Qb6 28. Qxg6 Nxe4 29. Nd4+ Nxd4+ 30. Kxe4 Qc5 31. Qg4+ Kd6 32. Qd7# 1-0


[Site "https://www.chess.com"]

[Event "Titled Tuesday Blitz October 11 Early 2022"]
[White "Chernomordik, Pavel"]
[Black "Valle Maytin, Luis Enrique"]
[WhiteFideId "2804530"]
[BlackFideId "3503666"]
[WhiteElo "2217"]
[BlackElo "2225"]
[Result "0-1"]
[Round "05"]
[TimeControl "180+1"]
[Date "2022.10.12"]
[WhiteClock "0:00:16"]
[BlackClock "0:00:08"]

1. e4 c6 2. Nc3 d5 3. Qf3 Nf6 4. d3 Bg4 5. Qg3 Qd7 6. e5 Nh5 7. Qh4 Qf5 8. d4 Qg6 9. f3 Bd7 10. g4 Qxc2 11. Qxh5 g6 12. Qg5 h5 13. h3 Bh6 14. Qxh6 Rxh6 15. Bxh6 Qxb2 16. Rc1 Na6 17. Bxa6 bxa6 18. Nge2 Rc8 19. Na4 Qb4+ 20. Nac3 c5 21. O-O cxd4 22. Nxd5 Qa5 23. Ndf4 Qxe5 24. Rxc8+ Bxc8 25. Re1 Qa5 26. gxh5 Qxe1+ 27. Kg2 gxh5 28. Nxd4 e5 29. Nd3 Bxh3+ 30. Kh2 Qf1 31. Kg3 Qg2+ 32. Kh4 exd4 33. Nf4 Qf2+ 34. Kxh3 Qxf3+ 35. Kh2 d3 0-1


[Site "https://www.chess.com"]

[Event "Titled Tuesday Blitz October 11 Early 2022"]
[White "Clawitter, Craig"]
[Black "Dilmukhametov, Artur"]
[WhiteFideId "2023105"]
[BlackFideId "24179922"]
[WhiteElo "2282"]
[BlackElo "2197"]
[Result "1-0"]
[Round "05"]
[TimeControl "180+1"]
[Date "2022.10.12"]
[WhiteClock "0:01:11"]
[BlackClock "0:01:41"]

1. e4 e6 2. d4 d5 3. e5 c5 4. c3 Qb6 5. Nf3 Nc6 6. a3 cxd4 7. cxd4 Nh6 8. Nc3 Nf5 9. Na4 Qc7 10. Be3 a6 11. Bd3 Nxe3 12. fxe3 b5 13. Nc3 Be7 14. O-O O-O 15. Rc1 f6 16. exf6 Bxf6 17. Na2 Bd7 18. Nb4 Qd6 19. Nxc6 Bxc6 20. Ne5 Be8 21. Ng4 Bh5 22. Nxf6+ Rxf6 23. Qxh5 Rh6 24. Qe5 Qe7 25. Rc7 1-0


[Site "https://www.chess.com"]

[Event "Titled Tuesday Blitz October 11 Early 2022"]
[White "Colas, Joshua"]
[Black "Saucey, Michel"]
[WhiteFideId "2044447"]
[BlackFideId "601845"]
[WhiteElo "2347"]
[BlackElo "2253"]
[Result "1-0"]
[Round "05"]
[TimeControl "180+1"]
[Date "2022.10.12"]
[WhiteClock "0:00:11"]
[BlackClock "0:00:03"]

1. d4 d5 2. Nf3 e6 3. c4 Nf6 4. g3 Bb4+ 5. Nbd2 dxc4 6. Bg2 b5 7. Ne5 Nd5 8. O-O Bb7 9. a4 a6 10. Qc2 Nd7 11. Nxd7 Qxd7 12. b3 cxb3 13. Nxb3 O-O 14. Nc5 Qc6 15. Qb3 bxa4 16. Rxa4 a5 17. Nxb7 Qxb7 18. Bb2 c6 19. Rc1 Rfc8 20. e4 Nb6 21. Raa1 Qd7 22. Qe3 h6 23. h4 Rab8 24. g4 Qe7 25. g5 hxg5 26. hxg5 c5 27. g6 c4 28. gxf7+ Qxf7 29. d5 exd5 30. exd5 Nxd5 31. Qg5 Nf6 32. Be5 Rc5 33. Qg3 Re8 34. f4 c3 35. Rc2 Nh5 36. Qg5 Rcxe5 37. fxe5 Bc5+ 38. Kh1 Bd4 39. e6 Rxe6 40. Bd5 Ng3+ 41. Qxg3 Rh6+ 42. Rh2 Qxd5+ 43. Qg2 Rxh2+ 44. Kxh2 Qxg2+ 45. Kxg2 1-0


[Site "https://www.chess.com"]

[Event "Titled Tuesday Blitz October 11 Early 2022"]
[White "Cramling Bellon, Anna"]
[Black "Zilleruelo Irizarry, Diego"]
[WhiteFideId "32009232"]
[BlackFideId "3101460"]
[WhiteElo "1972"]
[BlackElo "1998"]
[Result "0-1"]
[Round "05"]
[TimeControl "180+1"]
[Date "2022.10.12"]
[WhiteClock "0:00:22"]
[BlackClock "0:01:46"]

1. d4 d5 2. c4 e6 3. Nc3 a6 4. cxd5 exd5 5. Bf4 Nf6 6. e3 Bd6 7. Bxd6 Qxd6 8. Bd3 O-O 9. Qc2 c5 10. dxc5 Qxc5 11. Nf3 Nc6 12. a3 Be6 13. O-O Qd6 14. Rfd1 Rac8 15. Rac1 Ne5 16. Nxe5 Qxe5 17. Qe2 h6 18. f4 Qb8 19. f5 Bd7 20. Bb1 Qe5 21. e4 d4 22. Na4 Bxa4 23. Rxc8 Rxc8 24. Re1 Bb5 25. Qf3 d3 26. Bxd3 Qd4+ 27. Re3 Bxd3 0-1


[Site "https://www.chess.com"]

[Event "Titled Tuesday Blitz October 11 Early 2022"]
[White "Cruz Lledo, Pablo"]
[Black "Haitin, Ilja"]
[WhiteFideId "2297361"]
[BlackFideId "4501764"]
[WhiteElo "2304"]
[BlackElo "2221"]
[Result "1-0"]
[Round "05"]
[TimeControl "180+1"]
[Date "2022.10.12"]
[WhiteClock "0:01:31"]
[BlackClock "0:00:08"]

1. b3 e5 2. Bb2 Nc6 3. g3 d5 4. Bg2 f5 5. Nf3 Bd6 6. O-O Nf6 7. d4 e4 8. Ne5 Qe7 9. f4 exf3 10. exf3 O-O 11. f4 Ne4 12. c4 Be6 13. Nc3 Bxe5 14. Nxd5 Bxd5 15. cxd5 Bxd4+ 16. Bxd4 Nxd4 17. Qxd4 Qc5 18. Qxc5 Nxc5 19. Rac1 Na6 20. Rfe1 Rae8 21. Re5 g6 22. Bf1 Rxe5 23. fxe5 Re8 24. e6 Nb4 25. Rxc7 Nxd5 26. Rxb7 Ne3 27. Kf2 Rxe6 28. Rxa7 Nd1+ 29. Kf3 1-0


[Site "https://www.chess.com"]

[Event "Titled Tuesday Blitz October 11 Early 2022"]
[White "Csonka, Balazs"]
[Black "Ovchinnikov, Vsevolod"]
[WhiteFideId "742910"]
[BlackFideId "24176842"]
[WhiteElo "2760"]
[BlackElo "2583"]
[Result "1-0"]
[Round "05"]
[TimeControl "180+1"]
[Date "2022.10.12"]
[WhiteClock "0:00:03"]
[BlackClock "0:00:08"]

1. e4 g6 2. d4 Bg7 3. Nc3 a6 4. Be3 b5 5. Nf3 d6 6. Qd2 Nd7 7. h4 h5 8. Ng5 Bb7 9. f3 Rc8 10. a4 b4 11. Nd5 c5 12. dxc5 dxc5 13. O-O-O e6 14. Nf4 Qe7 15. Bc4 Ne5 16. Bxe6 fxe6 17. Ngxe6 Nc4 18. Qe2 Bxb2+ 19. Kb1 Nxe3 20. Qxe3 Be5 21. Rd2 Qf6 22. Rhd1 Ne7 23. Nxc5 Bxf4 24. Qf2 Bxd2 25. Nxb7 Bc3 26. Nd6+ Kf8 27. Nxc8 Nxc8 28. Qc5+ Kg7 29. Rd7+ Kh6 30. Qe3+ g5 31. hxg5+ Qxg5 32. f4 Qg4 33. f5+ Qg5 34. Qc5 Rg8 35. Qc6+ Bf6 36. Qe6 Ne7 37. e5 Qxf5 38. Qxf6+ Qxf6 39. exf6 Ng6 40. Rd6 a5 41. Rd5 Rf8 42. Rxa5 Rxf6 43. Rb5 Rf4 44. a5 Ne7 45. a6 Rf6 46. Ra5 Nc8 47. a7 Nxa7 48. Rxa7 Rg6 49. Rb7 Rxg2 50. Rxb4 Kg5 51. Rb8 Kf4 52. Rh8 Kg4 53. c4 h4 54. c5 h3 55. c6 h2 56. c7 Rg1+ 57. Kb2 h1=Q 58. Rxh1 Rxh1 59. c8=Q+ Kg3 60. Qc3+ Kg2 61. Qe3 Rh3 62. Qf4 Rf3 63. Qe4 Kg3 64. Kc2 Rf4 65. Qe5 Kg4 66. Kd3 Rf5 67. Qe6 Kg5 68. Ke3 Rf8 69. Qe7+ Rf6 70. Qg7+ Kf5 71. Qh7+ Ke5 72. Qg7 Kf5 73. Qg8 Re6+ 74. Kd4 Rf6 75. Kd5 Kf4 76. Qg2 Kf5 77. Qg3 Rg6 78. Qf3+ Kg5 79. Ke5 Kh6 80. Kf5 Rg5+ 81. Kf6 Rg6+ 82. Kf7 Rg7+ 83. Kf8 Rg5 84. Qf4 Kh5 85. Kf7 Rg4 86. Qf3 Kh4 87. Kf6 Rg3 88. Qf2 Kh3 89. Kf5 Rg2 90. Qf1 Kh2 91. Kf4 Rg1 92. Qf2+ Rg2 93. Qh4+ Kg1 94. Kf3 Ra2 95. Qd4+ Kh1 96. Qh8+ Kg1 97. Qg8+ Rg2 98. Qxg2# 1-0


[Site "https://www.chess.com"]

[Event "Titled Tuesday Blitz October 11 Early 2022"]
[White "Czernek, Tymon"]
[Black "Urazayev, Arystanbek"]
[WhiteFideId "1199510"]
[BlackFideId "13709810"]
[WhiteElo "2637"]
[BlackElo "2824"]
[Result "0-1"]
[Round "05"]
[TimeControl "180+1"]
[Date "2022.10.12"]
[WhiteClock "0:00:09"]
[BlackClock "0:00:08"]

1. e4 e5 2. Nf3 Nc6 3. Bc4 Bc5 4. O-O Nf6 5. d3 d6 6. c3 a5 7. Nbd2 O-O 8. h3 h6 9. Re1 Be6 10. Bb3 Bxb3 11. Qxb3 a4 12. Qc2 Nh5 13. Nf1 Qf6 14. Be3 Nf4 15. Bxc5 dxc5 16. N3h2 Qg6 17. Ng3 Rfd8 18. Re3 Ne7 19. Nf3 Qf6 20. Rd1 Ra6 21. d4 cxd4 22. cxd4 exd4 23. e5 Qc6 24. Rc3 Qg6 25. Qxg6 Nexg6 26. Rxc7 Rb6 27. Rxd4 Rxd4 28. Nxd4 Rxb2 29. e6 Nxe6 30. Nxe6 fxe6 31. Nh5 Kh8 32. Rc8+ Kh7 33. Rc7 Ne5 34. Rxg7+ Kh8 35. Re7 Nc6 36. Rc7 Kg8 37. Nf6+ Kf8 38. a3 Rb3 39. Nd7+ Ke7 40. Nc5+ Kd6 41. Nxb3 Kxc7 42. Nc5 b5 43. Nxe6+ Kd6 44. Nf4 b4 45. Ne2 bxa3 46. Nc3 Nb4 47. Nb5+ Kc5 48. Nxa3 Kd4 49. f4 Kc3 50. f5 Nd5 51. Kf2 Kb3 52. Nb5 Kb4 53. Nd4 Kc4 54. Nc2 Kc3 55. Na3 Kb4 56. Nc2+ Kb3 57. Nd4+ Kb2 58. Nb5 Kb3 59. Nd4+ Kc4 60. Nc2 Nf6 61. Na3+ Kb3 62. Nb5 Kb4 63. Nd4 Ne4+ 64. Ke3 Nd6 65. Kf4 Kc4 66. Nc2 Kc3 67. Na3 Kb3 68. Nb1 Kb2 69. Nd2 a3 70. Ke5 a2 71. Kxd6 a1=Q 72. Ne4 Qa6+ 73. Ke5 Qa5+ 74. Ke6 Qb6+ 75. Nd6 Qe3+ 76. Kd7 Qg5 77. Ke6 Qxg2 78. f6 Qxh3+ 79. Ke7 Qe3+ 80. Kd7 Qf4 81. f7 h5 82. Ke7 Qe5+ 83. Kd7 Qf6 84. Nc4+ Kc3 85. Ke8 Qxf7+ 86. Kxf7 Kxc4 0-1


[Site "https://www.chess.com"]

[Event "Titled Tuesday Blitz October 11 Early 2022"]
[White "D`Arruda, Ricardo D."]
[Black "Jean Louis, Marckens"]
[WhiteFideId "100692"]
[BlackFideId "11900270"]
[WhiteElo "2424"]
[BlackElo "2030"]
[Result "0-1"]
[Round "05"]
[TimeControl "180+1"]
[Date "2022.10.12"]
[WhiteClock "0:00:50"]
[BlackClock "0:00:14"]

1. e4 e6 2. d4 d5 3. Nc3 Nf6 4. Bg5 Be7 5. e5 Nfd7 6. h4 a6 7. Nf3 c5 8. Qd2 Nc6 9. dxc5 Nxc5 10. O-O-O h6 11. Bxe7 Qxe7 12. Qf4 Bd7 13. Nd4 Nxd4 14. Qxd4 Bc6 15. f4 O-O-O 16. g3 Kb8 17. Bg2 Rc8 18. f5 Rhd8 19. f6 gxf6 20. exf6 Qf8 21. g4 Nd7 22. Qf2 Qb4 23. g5 hxg5 24. hxg5 Rg8 25. Rh4 Qd6 26. Rh7 Rxg5 27. Ne4 Rxg2 28. Qxg2 Qf4+ 29. Nd2 Qxf6 30. Rf1 Qd4 31. Rfxf7 Nc5 32. Qf2 Nd3+ 33. cxd3 Ba4+ 34. Kb1 Qxd3+ 35. Ka1 Rc1+ 36. Nb1 Qxb1# 0-1


[Site "https://www.chess.com"]

[Event "Titled Tuesday Blitz October 11 Early 2022"]
[White "Dardha, Daniel"]
[Black "Hardaway, Brewington"]
[WhiteFideId "240990"]
[BlackFideId "30941849"]
[WhiteElo "2774"]
[BlackElo "2620"]
[Result "1-0"]
[Round "05"]
[TimeControl "180+1"]
[Date "2022.10.12"]
[WhiteClock "0:00:16"]
[BlackClock "0:00:02"]

1. e4 e5 2. Nf3 Nf6 3. d4 Nxe4 4. Bd3 d5 5. Nxe5 Bd6 6. O-O O-O 7. Nc3 Nxc3 8. bxc3 Nd7 9. Nxd7 Qxd7 10. Qh5 h6 11. Re1 c6 12. Bd2 Qg4 13. Qxg4 Bxg4 14. c4 dxc4 15. Bxc4 Rfe8 16. Bb3 Kf8 17. h3 Bf5 18. a4 Rxe1+ 19. Rxe1 Re8 20. Be3 Be6 21. Rb1 Bxb3 22. Rxb3 b6 23. Kf1 Ke7 24. Ke2 Kd7 25. Kd3 f5 26. c4 f4 27. Bd2 c5 28. a5 Bc7 29. dxc5 bxc5 30. Rb7 Kc8 31. Rxa7 Re6 32. a6 g5 33. Ra8+ Kd7 34. Bc3 h5 35. a7 Ra6 36. Rg8 Rxa7 37. Rxg5 Ra3 38. Rxc5 h4 39. Rb5 Kc6 40. Kc2 Bb6 41. f3 Ra2+ 42. Rb2 Ra4 43. Kb3 Ra8 44. Re2 Be3 45. Bd2 Bd4 46. Bxf4 Ra1 47. Re6+ Kb7 48. Re4 Rb1+ 49. Kc2 Rb2+ 50. Kd3 Bg1 51. Re2 Rb3+ 52. Ke4 Rb4 53. Kd5 Kb6 54. Re6+ Kb7 55. Re7+ Kb6 56. Be3+ Bxe3 57. Rxe3 Rb2 58. Re6+ Ka5 59. Rg6 Rd2+ 60. Ke5 Kb4 61. Rg4 Kc5 62. Kf5 Kb4 63. Kg5 Kc5 64. Kxh4 Rd8 65. Kg3 Rh8 66. h4 Rh6 67. Rg5+ Kxc4 68. Kg4 Kd4 69. h5 Ke3 70. Rg6 Rh7 71. h6 Kf2 72. Kh5 Ke3 73. Rg7 Rh8 74. h7 Ra8 75. Kh6 Kf4 76. Rg8 Ra6+ 77. Rg6 Ra8 78. Rf6+ Ke5 79. Kg7 1-0


[Site "https://www.chess.com"]

[Event "Titled Tuesday Blitz October 11 Early 2022"]
[White "De Souza, Cristiano Gomes"]
[Black "Mohammadian, Mohammad"]
[WhiteFideId "2151758"]
[BlackFideId "12566055"]
[WhiteElo "2068"]
[BlackElo "1489"]
[Result "1-0"]
[Round "05"]
[TimeControl "180+1"]
[Date "2022.10.12"]
[WhiteClock "0:02:08"]
[BlackClock "0:01:33"]

1. d4 Nf6 2. c4 g6 3. Nf3 Bg7 4. Nc3 d5 5. Bf4 O-O 6. e3 c6 7. Rc1 Bf5 8. Ne5 Nbd7 9. Be2 Rc8 10. O-O Re8 11. cxd5 Nxd5 12. Nxd5 cxd5 13. Qb3 Rxc1 14. Rxc1 Nb6 15. a4 f6 16. Nd3 e5 17. dxe5 fxe5 18. Bg3 Bxd3 19. Bxd3 e4 20. Bb5 Re7 21. Bh4 Qd6 22. Bxe7 Qxe7 23. a5 Nc4 24. Bxc4 dxc4 25. Qxc4+ Kh8 26. Qc8+ Qf8 27. Qxb7 Qf7 28. Qxf7 1-0


[Site "https://www.chess.com"]

[Event "Titled Tuesday Blitz October 11 Early 2022"]
[White "Demin, Vladimir"]
[Black "Bychkov, Vladimir"]
[WhiteFideId "4167457"]
[BlackFideId "24151513"]
[WhiteElo "2565"]
[BlackElo "2197"]
[Result "1-0"]
[Round "05"]
[TimeControl "180+1"]
[Date "2022.10.12"]
[WhiteClock "0:00:03"]
[BlackClock "0:00:10"]

1. d4 Nf6 2. Nc3 d5 3. Bf4 e6 4. e3 a6 5. g4 h6 6. f3 c5 7. Nge2 Bd6 8. Bg2 Qc7 9. O-O Nbd7 10. h3 b5 11. Kh1 b4 12. Na4 c4 13. Bxd6 Qxd6 14. e4 Qc6 15. c3 dxe4 16. fxe4 Nxe4 17. Rf4 Ndf6 18. Nc5 Bb7 19. Nxe4 Ke7 20. Qf1 Rhf8 21. Rxf6 gxf6 22. Qxf6+ Ke8 23. Qe5 Kd8 24. Qf6+ Kc7 25. Qe7+ Kb6 26. d5 exd5 27. Nd4 Qc7 28. Qxb4+ Ka7 29. Nc5 Rfe8 30. Rf1 Rab8 31. Qa3 Qb6 32. h4 Re3 33. Rxf7 Re1+ 34. Kh2 Qd6+ 35. Kh3 Re3+ 36. Bf3 Ka8 37. Nb5 Rxf3+ 38. Rxf3 Qb6 39. Nd4 Bc8 40. Rf7 Qg6 41. Rf4 Qb1 42. Nxa6 Qh1+ 43. Kg3 Qg1+ 44. Kf3 Bxg4+ 45. Rxg4 Qd1+ 46. Kf4 Qf1+ 47. Ke5 Re8+ 48. Kd6 Qf6+ 49. Kc5 Qe7+ 50. Kb5 Qb7+ 51. Ka5 Rc8 52. Nb5 h5 53. Rg6 d4 54. cxd4 c3 55. bxc3 Rd8 56. Nac7+ Kb8 57. Rb6 Qxb6+ 58. Kxb6 Rd6+ 59. Kc5 Rc6+ 60. Kxc6 Kc8 61. Qa8# 1-0


[Site "https://www.chess.com"]

[Event "Titled Tuesday Blitz October 11 Early 2022"]
[White "Donchenko, Alexander"]
[Black "Costachi, Mihnea"]
[WhiteFideId "24603295"]
[BlackFideId "1217518"]
[WhiteElo "2572"]
[BlackElo "2437"]
[Result "1-0"]
[Round "05"]
[TimeControl "180+1"]
[Date "2022.10.11"]
[WhiteClock "0:02:06"]
[BlackClock "0:00:36"]

1. Nf3 Nf6 2. g3 g6 3. Bg2 Bg7 4. O-O O-O 5. d4 d6 6. b3 c5 7. c4 Nc6 8. Bb2 cxd4 9. Nxd4 Nxd4 10. Qxd4 Qa5 11. Nc3 Nd5 12. Qxd5 Bxc3 13. Qxa5 Bxa5 14. Rfd1 Rb8 15. Rac1 Bg4 16. Kf1 Rfc8 17. h3 Be6 18. g4 f6 19. e3 b5 20. cxb5 Rxb5 21. Bd5 Rxd5 22. Rxc8+ Bxc8 23. Rxd5 Bb6 24. Rd1 Ba6+ 25. Kg1 Kf7 26. Bd4 Ke6 27. Bxb6 axb6 28. f4 Kd7 29. Rc1 e5 30. Kf2 d5 31. fxe5 fxe5 32. a4 Kd6 33. b4 Bc4 34. e4 Bb3 35. a5 bxa5 36. bxa5 Bc4 37. exd5 Kxd5 38. Ke3 Bb5 39. Rc7 h5 40. g5 Kd6 41. Rg7 Be8 42. a6 Kc6 43. a7 Kb6 44. a8=Q 1-0


[Site "https://www.chess.com"]

[Event "Titled Tuesday Blitz October 11 Early 2022"]
[White "Dubov, Daniil"]
[Black "Hambleton, Aman"]
[WhiteFideId "24126055"]
[BlackFideId "2606577"]
[WhiteElo "2791"]
[BlackElo "2538"]
[Result "0-1"]
[Round "05"]
[TimeControl "180+1"]
[Date "2022.10.11"]
[WhiteClock "0:00:11"]
[BlackClock "0:00:05"]

1. d4 Nf6 2. Nf3 e6 3. c4 b6 4. g3 Ba6 5. Qc2 Bb7 6. Bg2 c5 7. O-O cxd4 8. Nxd4 Bxg2 9. Kxg2 Qc7 10. e4 Qb7 11. Nc3 d6 12. Re1 Nbd7 13. b3 Be7 14. Bb2 O-O 15. Rad1 a6 16. a4 Rac8 17. h3 Rfe8 18. Kg1 Bf8 19. Qe2 Nc5 20. Qc2 d5 21. exd5 exd5 22. Nf5 dxc4 23. bxc4 Qf3 24. Nh4 Rxe1+ 25. Rxe1 Qd3 26. Qe2 Re8 27. Qxd3 Nxd3 28. Rxe8 Nxe8 29. Ba1 Nd6 30. Nd5 Nxc4 31. Nf5 f6 32. Nd4 Nc5 33. Nc3 Kf7 34. Kf1 g6 35. g4 Bd6 36. Ke2 Be5 37. Nf3 Bxc3 38. Bxc3 Nxa4 39. Bd4 Nc5 40. g5 f5 41. h4 Ke6 42. h5 a5 43. hxg6 hxg6 44. Nh4 Kf7 45. Ng2 Nb3 46. Bc3 a4 47. Kd3 b5 48. Nf4 a3 49. Kc2 Nc5 50. Nd5 Ne4 51. Bd4 Nxg5 52. Nc7 Nd6 53. Kb3 Ne6 54. Be5 Nxc7 55. Bxd6 Nd5 56. Kxa3 Ke6 57. Bb8 f4 58. Kb3 Kf5 59. f3 Nf6 60. Kc2 Nh7 61. Kd3 Ng5 62. Ke2 Nf7 63. Bc7 Ne5 64. Bd6 Ke6 65. Bc7 b4 66. Ba5 b3 67. Bc3 Kd5 0-1


[Site "https://www.chess.com"]

[Event "Titled Tuesday Blitz October 11 Early 2022"]
[White "Duda, Jan-Krzysztof"]
[Black "Koziorowicz, Michal"]
[WhiteFideId "1170546"]
[BlackFideId "21809194"]
[WhiteElo "2779"]
[BlackElo "2220"]
[Result "1-0"]
[Round "05"]
[TimeControl "180+1"]
[Date "2022.10.11"]
[WhiteClock "0:00:59"]
[BlackClock "0:00:42"]

1. d4 Nf6 2. c4 e6 3. Nf3 c5 4. d5 b5 5. dxe6 fxe6 6. cxb5 d5 7. Nc3 Bb7 8. e4 d4 9. e5 Ng4 10. h3 Nh6 11. Nb1 Nd7 12. Bxh6 gxh6 13. Nbd2 Bg7 14. Bc4 Qe7 15. Qe2 O-O 16. a4 Nb6 17. a5 Nd5 18. g3 Nb4 19. O-O Rad8 20. Ne1 Qg5 21. h4 Qg6 22. Nd3 Nd5 23. Kh2 Ne7 24. Rg1 Kh8 25. Nf4 Rxf4 26. gxf4 Qf7 27. Qg4 Nf5 28. b6 a6 29. Rae1 d3 30. Re3 Rd4 31. Rxd3 h5 32. Qg5 Bh6 33. Qd8+ Rxd8 34. Rxd8+ Bf8 35. Bxe6 1-0


[Site "https://www.chess.com"]

[Event "Titled Tuesday Blitz October 11 Early 2022"]
[White "Durarbayli, Vasif"]
[Black "Makhnev, Denis"]
[WhiteFideId "13402935"]
[BlackFideId "13707647"]
[WhiteElo "2586"]
[BlackElo "2486"]
[Result "0-1"]
[Round "05"]
[TimeControl "180+1"]
[Date "2022.10.11"]
[WhiteClock "0:00:02"]
[BlackClock "0:00:08"]

1. e4 e5 2. Nf3 Nc6 3. Bc4 Bc5 4. O-O Nf6 5. d3 a5 6. c3 d6 7. Re1 O-O 8. h3 h6 9. Nbd2 a4 10. Bb5 Bd7 11. Nf1 Ne7 12. Bxd7 Nxd7 13. d4 Bb6 14. Ng3 f5 15. exf5 Nxf5 16. Nxf5 Rxf5 17. dxe5 Nxe5 18. Nd4 Rf7 19. Be3 Nc4 20. Qe2 Nxe3 21. Qxe3 Qf6 22. Rad1 Raf8 23. Re2 d5 24. Rdd2 c6 25. Qe6 Qg5 26. Nf3 Qf5 27. Qxf5 Rxf5 28. Nd4 R5f6 29. Re7 R8f7 30. Rxf7 Kxf7 31. Kf1 Ke7 32. Re2+ Kd6 33. Nf3 Rf4 34. Re8 a3 35. b3 Ba5 36. Re3 Re4 37. Rd3 b5 38. Nd2 Re7 39. Nf3 Bb6 40. Nh4 Rf7 0-1


[Site "https://www.chess.com"]

[Event "Titled Tuesday Blitz October 11 Early 2022"]
[White "Dwilewicz, Katarzyna"]
[Black "Aaditya Dhingra"]
[WhiteFideId "1148486"]
[BlackFideId "25678191"]
[WhiteElo "2023"]
[BlackElo "2054"]
[Result "0-1"]
[Round "05"]
[TimeControl "180+1"]
[Date "2022.10.12"]
[WhiteClock "0:00:42"]
[BlackClock "0:00:45"]

1. e4 c6 2. d4 d5 3. e5 Bf5 4. h4 h5 5. Bd3 Bxd3 6. Qxd3 e6 7. Nf3 Qa5+ 8. Bd2 Qa6 9. Qb3 c5 10. dxc5 Nd7 11. Nc3 Nxc5 12. Qb5+ Qxb5 13. Nxb5 Kd7 14. Ke2 a6 15. Nbd4 Ne4 16. Bf4 Ne7 17. Rhd1 Ng6 18. Be3 Rc8 19. Rac1 Ke8 20. g3 Be7 21. Rd3 Nc5 22. Rdd1 Nd7 23. Bf4 Nxf4+ 24. gxf4 g6 25. c3 Bf8 26. Ng5 Ke7 27. Kf3 Bh6 28. Rg1 Rc4 29. a3 Rhc8 30. Rcd1 Nb6 31. Rd2 Rg8 32. Re2 Rc7 33. Rc2 Nc4 34. Re2 Ke8 35. Rc2 Bf8 36. Re2 Bc5 37. Rd1 Be7 38. Rg1 b5 39. Rg2 Bc5 40. Nb3 Bb6 41. Rg1 Ke7 42. Rd1 a5 43. Nd4 Bxd4 44. Rxd4 Rb8 45. Nh7 b4 46. axb4 axb4 47. cxb4 Rxb4 48. Nf6 Rxb2 49. Rxc4 Rb3+ 50. Kg2 dxc4 0-1


[Site "https://www.chess.com"]

[Event "Titled Tuesday Blitz October 11 Early 2022"]
[White "Erenberg, Ariel"]
[Black "Garv Gaur"]
[WhiteFideId "2811634"]
[BlackFideId "45030839"]
[WhiteElo "2416"]
[BlackElo "1960"]
[Result "0-1"]
[Round "05"]
[TimeControl "180+1"]
[Date "2022.10.12"]
[WhiteClock "0:01:32"]
[BlackClock "0:00:21"]

1. d4 d5 2. Nf3 Nf6 3. Bg5 e6 4. Nbd2 Be7 5. Bxf6 Bxf6 6. e4 dxe4 7. Nxe4 Nd7 8. Bd3 b6 9. Qe2 Bb7 10. O-O-O Be7 11. h4 Nf6 12. Ne5 O-O 13. Ng5 h6 14. Kb1 Qd5 15. c4 Qd6 16. Bc2 Rad8 17. Qd3 c5 18. Nh7 g6 19. Nxg6 Be4 20. Nxe7+ Kh8 21. Qe3 Bxc2+ 22. Kxc2 Nxh7 23. Qe5+ Qxe5 24. dxe5 a6 25. Rxd8 Rxd8 26. Rd1 Rxd1 27. Kxd1 Kg7 28. f4 Kf8 29. Nc8 Ke8 30. Nxb6 Nf8 31. Kd2 Ng6 32. g3 Ne7 33. Na4 Nf5 34. Nxc5 Nxg3 35. Ne4 Nxe4+ 36. Ke3 Nc5 37. b4 Na4 38. Kd4 Kd7 39. b5 axb5 40. cxb5 Kc7 41. Kc4 Kb6 42. Kb4 Nc5 43. a4 Nd3+ 44. Kc4 Nxf4 45. Kb4 Nd3+ 46. Kc4 Nxe5+ 47. Kb4 Nd3+ 48. Kc4 Nb2+ 0-1


[Site "https://www.chess.com"]

[Event "Titled Tuesday Blitz October 11 Early 2022"]
[White "Evdokimov, Alexey"]
[Black "Mills, Morgen"]
[WhiteFideId "24162450"]
[BlackFideId "2013304"]
[WhiteElo "2154"]
[BlackElo "2190"]
[Result "0-1"]
[Round "05"]
[TimeControl "180+1"]
[Date "2022.10.12"]
[WhiteClock "0:00:04"]
[BlackClock "0:00:52"]

1. e4 c6 2. d4 d5 3. e5 Bf5 4. Nf3 e6 5. Be2 h6 6. O-O Nd7 7. Be3 Ne7 8. Nbd2 Bh7 9. c4 dxc4 10. Nxc4 Nf5 11. Rc1 Nb6 12. Na5 Qd7 13. a4 Bb4 14. Nxc6 bxc6 15. Rxc6 O-O 16. Bb5 Qe7 17. Qb3 Nd5 18. Rfc1 a5 19. h3 Qb7 20. g4 Nfxe3 21. fxe3 Rfc8 22. Kf2 Ne7 23. Rxc8+ Rxc8 24. Rxc8+ Qxc8 25. Qc4 Qxc4 26. Bxc4 Kf8 27. Ke2 Be4 28. Nd2 Bc6 29. b3 g5 30. Nf3 Nd5 31. h4 Nc3+ 32. Kf2 Nd1+ 33. Ke2 Bxf3+ 34. Kxf3 gxh4 35. Kg2 Nxe3+ 36. Kh3 Be1 37. Bd3 Nd5 0-1


[Site "https://www.chess.com"]

[Event "Titled Tuesday Blitz October 11 Early 2022"]
[White "Fernandez De La Vara, Arnaldo"]
[Black "Zemlyanskii, Ivan"]
[WhiteFideId "3518388"]
[BlackFideId "24249971"]
[WhiteElo "2387"]
[BlackElo "2107"]
[Result "0-1"]
[Round "05"]
[TimeControl "180+1"]
[Date "2022.10.11"]
[WhiteClock "0:01:00"]
[BlackClock "0:01:54"]

1. Nf3 Nf6 2. b3 d5 3. Bb2 c5 4. g3 e6 5. Bg2 Nc6 6. O-O Bd6 7. c4 d4 8. e3 e5 9. exd4 cxd4 10. a3 a5 11. b4 axb4 12. axb4 Rxa1 13. Bxa1 Nxb4 14. Nxe5 Bxe5 15. Qe2 Qe7 16. Re1 Nc2 17. Qxe5 Nxe1 18. Qb5+ Bd7 19. Qxb7 O-O 20. Bxd4 Nxg2 21. Kxg2 Bh3+ 0-1


[Site "https://www.chess.com"]

[Event "Titled Tuesday Blitz October 11 Early 2022"]
[White "Fernandez Siles, Luis"]
[Black "Sharifov, Mekhriddin"]
[WhiteFideId "2209420"]
[BlackFideId "14701545"]
[WhiteElo "2186"]
[BlackElo "2109"]
[Result "1/2-1/2"]
[Round "05"]
[TimeControl "180+1"]
[Date "2022.10.12"]
[WhiteClock "0:00:11"]
[BlackClock "0:01:15"]

1. e4 c5 2. Nf3 d6 3. d4 cxd4 4. Nxd4 Nf6 5. Nc3 a6 6. Be3 e5 7. Nf3 Be6 8. Ng5 Qc7 9. Nxe6 fxe6 10. Qf3 Be7 11. Qh3 Qc8 12. Nd5 Nxd5 13. exd5 Qxc2 14. Qxe6 Nd7 15. Rc1 Qxb2 16. Rc7 Qb1+ 17. Bc1 Rd8 18. Be2 Qg6 19. Rxb7 Qxe6 20. dxe6 Nc5 21. Ra7 Nxe6 22. Rxa6 O-O 23. O-O Rc8 24. Ba3 Rfd8 25. Rd1 Nd4 26. Bg4 Ra8 27. Rxa8 Rxa8 28. Bb2 Rxa2 29. Bxd4 exd4 30. Rxd4 Ra1+ 31. Rd1 Ra4 32. Bf3 g6 33. Bd5+ Kg7 34. g3 Bf6 35. Rd2 Bd4 36. Kg2 Bc5 37. h4 Rb4 38. Rd3 h6 39. Rf3 g5 40. h5 Rb2 41. Rf7+ Kh8 42. Rf6 Kg7 43. Rf7+ Kh8 44. Rf8+ Kg7 45. Rf7+ 1/2-1/2


[Site "https://www.chess.com"]